 Dungeon Crawl Stone Soup version 0.26.0-7-g794d0892b4 (webtiles) character file.

Game seed: 14613635467515231650

1486 Essalna the Thaumaturge (level 8, -2/44 HPs)
             Began as a Deep Elf Fire Elementalist on Jan 11, 2021.
             Slain by an orc warrior
             ... wielding a +0 glaive
              (17 damage)
             ... on level 6 of the Dungeon.
             The game lasted 00:19:48 (9089 turns).

Essalna the Thaumaturge (DEFE)                      Turns: 9089, Time: 00:19:49

Health: -2/44      AC:  5    Str:  5    XL:     8   Next: 50%
Magic:  17/22      EV: 13    Int: 23    God:
Gold:   207        SH:  0    Dex: 17    Spells: 19/24 levels left

rFire    + . .     SeeInvis .   y - +3 mace "Cysawibymm" {freeze, Dex+2}
rCold    + . .     Faith    .   (no shield)
rNeg     . . .     Spirit   .   r - +1 robe {rC+ rF+}
rPois    +         Reflect  .   (no helmet)
rElec    .         Harm     .   A - +0 cloak
rCorr    .         Rampage  .   (no gloves)
Will     .....                  q - +0 pair of boots
Stlth    ++........             m - amulet of magic regeneration
HPRegen  0.14/turn              k - ring of poison resistance
MPRegen  0.43/turn              (no ring)

@: no status effects
A: no striking features
a: no special abilities


You were on level 6 of the Dungeon.
You visited 1 branch of the dungeon, and saw 6 of its levels.

You collected 207 gold pieces.

Inventory:

Hand Weapons
 s - a +1 dagger of flaming
 y - the +3 mace "Cysawibymm" (weapon) {freeze, Dex+2}
   (You found it on level 6 of the Dungeon)

   It has been specially enchanted to freeze those struck by it, causing extra
   injury to most foes and up to half again as much damage against particularly
   susceptible opponents.
   It can also slow down cold-blooded creatures.
   It affects your dexterity (+2).
Armour
 a - a +0 robe
 b - a scarf of shadows
 l - a scarf of invisibility
 q - a +0 pair of boots (worn)
 r - a +1 robe of resistance (worn)
 w - a cursed +0 robe
 A - a +0 cloak (worn)
Jewellery
 h - an uncursed amulet of inaccuracy
 k - a ring of poison resistance (left hand)
 m - an amulet of magic regeneration (around neck)
 u - an uncursed ring of magical power {unknown}
Wands
 f - a wand of enslavement (10)
Scrolls
 e - 2 scrolls of teleportation
 g - 8 scrolls of remove curse
 i - 2 scrolls of fear
 p - a scroll of amnesia
 t - a scroll of fog {unknown}
 v - a scroll of enchant armour {unknown}
 x - a scroll of identify {unknown}
Potions
 c - 3 potions of lignification {unknown}
 d - 2 potions of curing {unknown}
 j - 2 potions of attraction {unknown}
 n - a potion of heal wounds {unknown}
 o - a potion of experience {unknown}
 z - 3 potions of flight {unknown}


   Skills:
 + Level 2.0 Fighting
 + Level 2.1 Short Blades
 - Level 2.4 Dodging
 - Level 2.4 Stealth
 + Level 0.3 Unarmed Combat
 + Level 8.5 Spellcasting
 + Level 5.8 Conjurations
 + Level 7.0 Fire Magic


You had 19 spell levels left.
You knew the following spells:

 Your Spells              Type           Power        Failure   Level
a - Foxfire               Conj/Fire      100%         1%          1
b - Sticky Flame          Conj/Fire      39%          4%          4

Your spell library contained the following spells:

 Spells                   Type           Power        Failure   Level
 Conjure Flame            Conj/Fire      39%          1%          3
 Inner Flame              Hex/Fire       26%          4%          3
 Fireball                 Conj/Fire      19%          13%         5


Dungeon Overview and Level Annotations

Branches:
Dungeon (6/15)
 Temple: D:4-7

Altars:

Annotations:
D:3 2 transporters, mess's ghost, weakling DESu


Message History

The orc is severely wounded.
The orc is covered in liquid flames!
The orc burns!
You kill the orc!
Casting: Sticky Flame (dangerous; 4% risk of failure)
Confirm with . or Enter, or press ? or * to list all spells.
Aiming: Sticky Flame (dangerous; 4% risk of failure)
Press: ? - help, Shift-Dir - straight line, f - orc
Aim: an orc, wielding a +1 war axe of electrocution (0% to evade)
The sticky flame hits the orc!
You kill the orc!
Found a large cabochon ring.
Things that are here:
a +1 war axe of electrocution; a +0 war axe
Found a sedimented grey potion.
The orc warrior shouts!
The orc warrior hits you from afar with a +0 glaive!!
Ouch! That really hurt!
Found a shiny copper wand.
The orc warrior hits you from afar with a +0 glaive!
You die...

>... .# #...#
##.# #
/....##... .
.....#..!##.#
..........#.#
#.....=.....#
#.o....#
#.#.@.##.#
#........#
####.#####
#.####.#######
#.............
######)#######
#.# #.# #.#


You could see an orc warrior.

Vanquished Creatures
  A water moccasin (D:5)
  2 ice beasts (D:5)
  An orc warrior (D:4)
  3 ogres (D:5)
  A wyvern zombie (D:5)
  A howler monkey (D:6)
  A centaur zombie (D:5)
  2 bullfrog skeletons
  A centaur skeleton (D:5)
  3 orc wizards
  3 orc priests
  3 hounds
  Ijyb (D:5)
  2 iguanas
  2 worker ants (D:4)
  6 gnolls
  7 adders
  A shadow imp (D:5)
  A white imp (D:5)
  4 oozes
  2 worms
  4 leopard geckos
  18 orcs
  A ball python (D:4)
  8 bats
  4 giant cockroaches
  6 hobgoblins
  2 jackals (D:3)
  A quokka (D:3)
  4 frilled lizards
  12 goblins
  7 kobolds
  A quokka skeleton (D:5)
  6 rats
122 creatures vanquished.

Vanquished Creatures (others)
  482 foxfires
482 creatures vanquished.

Grand Total: 604 creatures vanquished

Notes
Turn   | Place    | Note
-------+----------+-------------------------------------------
     0 | D:1      | Essalna the Deep Elf Fire Elementalist began the quest for
                  | the Orb.
     0 | D:1      | Reached XP level 1. HP: 10/10 MP: 6/6
   522 | D:1      | Reached XP level 2. HP: 8/15 MP: 4/8
  1535 | D:1      | Reached XP level 3. HP: 19/19 MP: 3/10
  3040 | D:3      | Found a transporter.
  3042 | D:3      | Noticed mess's ghost (weakling DESu)
  3065 | D:3      | Found a transporter.
  3273 | D:3      | Reached skill level 4 in Spellcasting
  3511 | D:3      | Reached XP level 4. HP: 24/24 MP: 12/12
  4273 | D:4      | Noticed an orc warrior
  4562 | D:4      | Learned a level 4 spell: Sticky Flame
  4835 | D:3      | Reached XP level 5. HP: 6/28 MP: 3/14
  5121 | D:5      | Entered Level 5 of the Dungeon
  5164 | D:5      | Reached skill level 5 in Spellcasting
  5338 | D:5      | Noticed a water moccasin
  5348 | D:5      | Killed a water moccasin
  5349 | D:5      | Reached skill level 1 in Fighting
  5349 | D:5      | Reached skill level 5 in Fire Magic
  5349 | D:5      | Reached XP level 6. HP: 17/34 MP: 3/16
  5575 | D:5      | Reached skill level 6 in Spellcasting
  5719 | D:5      | Noticed an ice beast
  5753 | D:5      | Killed an ice beast
  5754 | D:5      | Reached XP level 7. HP: 25/38 MP: 13/18
  6227 | D:5      | Reached skill level 7 in Spellcasting
  6319 | D:5      | Reached skill level 1 in Short Blades
  6661 | D:5      | Reached skill level 5 in Conjurations
  7022 | D:5      | Reached XP level 8. HP: 9/43 MP: 17/21
  7507 | D:5      | Noticed Ijyb
  7522 | D:5      | Killed Ijyb
  7907 | D:4      | Reached skill level 8 in Spellcasting
  8985 | D:6      | Got a steaming mace
  8986 | D:6      | Identified the +3 mace "Cysawibymm" {freeze, Dex+2} (You
                  | found it on level 6 of the Dungeon)
  9089 | D:6      | Slain by an orc warrior

Illustrated notes

Levels and vault maps discovered:
D:1:      mrwooster_arrival_statue_2, layout_basic, minmay_vboxes
D:2:      layout_loops_corners
D:3:      layout_basic, gammafunk_ghost_arena
D:4:      layout_rooms
D:5:      layout_basic, roderic_serpentine_path, uniq_ijyb
D:6:      layout_loops_ring

Skill      XL: |  1  2  3  4  5  6  7  8 |
---------------+-------------------------+-----
Fire Magic     | 4 5 6 7 |  7.0
Spellcasting   | 4 5 6 7 8 |  8.5
Conjurations   | 2 3 4 5 |  5.8
Fighting       | 1 2 |  2.0
Short Blades   | 1 2 |  2.1
Dodging        | |  2.4
Stealth        | |  2.4
Unarmed Combat | |  0.3

Action                   |  1- 3 |  4- 6 |  7- 9 || total
-------------------------+-------+-------+-------++-------
Melee: Unarmed           |    35 |       |       ||    35
       Dagger            |    28 |    41 |    90 ||   159
 Cast: Foxfire           |    72 |   103 |   104 ||   279
       Sticky Flame      |       |     6 |    19 ||    25
  Use: Scroll            |     7 |     3 |       ||    10
 Stab: Sleeping          |     4 |     2 |     4 ||    10
Armor: Robe              |    21 |    12 |    18 ||    51
Dodge: Dodged            |    65 |    39 |    84 ||   188
